MWL (24 & UNDER)
COLUMBIA 08S @ ERIE JAXX
09/19/2025
 
TOP OF THE 1ST
Columbia 08s batting - Pitching for Erie Jaxx : LHP Dexter Browning
Pitching: LHP Dexter Browning
Batting: RHB Ben Barker 0-0: Called Strike
0-1: Ball
1-1: Ball
2-1: Foul Ball, location: 2F
2-2: Fly out, F8 (Flyball, 8LM)
Batting: RHB Nicoli Turina 0-0: Ball
1-0: Called Strike
1-1: Foul Ball, location: 2F
1-2: Strikes out swinging
Batting: RHB Jorge Mora 0-0: Called Strike
0-1: Ball
1-1: Foul Ball, location: 2F
1-2: SINGLE (Line Drive, 3D)
Batting: RHB Pat Fernández 0-0: Swinging Strike
0-1: Ball
Wild Pitch!
Jorge Mora to second
1-1: Called Strike
1-2: Strikes out swinging
Top of the 1st over - 0 run(s), 1 hit(s), 0 error(s), 1 left on base; Columbia 0 - Erie 0
BOTTOM OF THE 1ST
Erie Jaxx batting - Pitching for Columbia 08s : RHP Danny Johnston
Pitching: RHP Danny Johnston
Batting: RHB Luis Fuentes 0-0: Ball
1-0: Ball
2-0: Fly out, F8 (Flyball, 8RM)
Batting: RHB Raúl Bruno 0-0: Ball
1-0: Ball
2-0: Ball
3-0: Called Strike
3-1: Fly out, F9 (Flyball, 89M)
Batting: LHB Denny Allen 0-0: Ball
1-0: Ball
2-0: Swinging Strike
2-1: Ball
3-1: Swinging Strike
3-2: Ground out 2-3 (Groundball, 25)
Bottom of the 1st over - 0 run(s), 0 hit(s), 0 error(s), 0 left on base; Columbia 0 - Erie 0
TOP OF THE 2ND
Columbia 08s batting - Pitching for Erie Jaxx : LHP Dexter Browning
Batting: RHB Carlos López 0-0: Fly out, F8 (Flyball, 8RM)
Batting: RHB Ernesto Villa 0-0: Ground out 5-3 (Groundball, 56S)
Batting: RHB Dan Morrison 0-0: Ball
1-0: Foul Ball, location: 2F
1-1: Foul Ball, location: 2F
1-2: Strikes out swinging
Top of the 2nd over - 0 run(s), 0 hit(s), 0 error(s), 0 left on base; Columbia 0 - Erie 0
BOTTOM OF THE 2ND
Erie Jaxx batting - Pitching for Columbia 08s : RHP Danny Johnston
Batting: RHB John Brown 0-0: Ball
1-0: Ball
2-0: Swinging Strike
2-1: Foul Ball, location: 2F
2-2: SINGLE (Groundball, 6MD)
Batting: LHB Mike Pearson 0-0: Called Strike
0-1: Ball
1-1: Ball
2-1: Swinging Strike
2-2: Grounds into double play, 4-6-3 (Groundball, 4)
Batting: LHB Milton Watson 0-0: Ball
1-0: SINGLE (Flyball, 9S)
Batting: LHB Dave Cook 0-0: Swinging Strike
0-1: Ball
1-1: Foul Ball, location: 2F
1-2: Strikes out swinging
Bottom of the 2nd over - 0 run(s), 2 hit(s), 0 error(s), 1 left on base; Columbia 0 - Erie 0
TOP OF THE 3RD
Columbia 08s batting - Pitching for Erie Jaxx : LHP Dexter Browning
Batting: RHB José Orozco 0-0: Foul Ball, location: 2F
0-1: Ground out 6-3 (Groundball, 6M)
Batting: RHB Pedro López 0-0: Ball
1-0: SINGLE (Groundball, 4MD)
Batting: RHB Ben Barker 0-0: Ball
1-0: Ball
2-0: Foul Ball, location: 2F
2-1: Fly out, F2 (Popup, 2LF)
Batting: RHB Nicoli Turina 0-0: Foul Ball, location: 2F
0-1: Ball
1-1: Ball
2-1: Called Strike
2-2: SINGLE (Line Drive, 34D)
Pedro López to second
Batting: RHB Jorge Mora 0-0: Called Strike
0-1: Called Strike
0-2: DOUBLE (Line Drive, 9LM)
Pedro López scores
Nicoli Turina to third
Batting: RHB Pat Fernández 0-0: Foul Ball, location: 2F
0-1: Ball
1-1: Ball
2-1: 3-RUN HOME RUN (Flyball, 7D), Distance : 346 ft
Batting: RHB Carlos López 0-0: SINGLE (Groundball, 6MD)
Batting: RHB Ernesto Villa 0-0: Called Strike
0-1: Ball
1-1: Foul Ball, location: 2F
1-2: Ball
2-2: Strikes out looking
Top of the 3rd over - 4 run(s), 5 hit(s), 0 error(s), 1 left on base; Columbia 4 - Erie 0
BOTTOM OF THE 3RD
Erie Jaxx batting - Pitching for Columbia 08s : RHP Danny Johnston
Batting: RHB Steve Clifton 0-0: Ball
1-0: Called Strike
1-1: Swinging Strike
1-2: Strikes out swinging
Batting: LHB Ernesto López 0-0: Foul Ball, location: 2F
0-1: Ball
1-1: Ball
2-1: Foul Ball, location: 2F
2-2: Strikes out swinging
Batting: RHB Luis Fuentes 0-0: Ball
1-0: Foul Ball, location: 2F
1-1: Ball
2-1: Ball
3-1: Called Strike
3-2: Foul Ball, location: 2F
3-2: Base on Balls
Batting: RHB Raúl Bruno 0-0: Ground out 4-3 (Groundball, 4)
Bottom of the 3rd over - 0 run(s), 0 hit(s), 0 error(s), 1 left on base; Columbia 4 - Erie 0
TOP OF THE 4TH
Columbia 08s batting - Pitching for Erie Jaxx : LHP Dexter Browning
Batting: RHB Dan Morrison 0-0: Fly out, F8 (Flyball, 8LM)
Batting: RHB José Orozco 0-0: Called Strike
0-1: Ball
1-1: Swinging Strike
1-2: Ground out 6-3 (Groundball, 6)
Batting: RHB Pedro López 0-0: Ball
1-0: Ball
2-0: Foul Ball, location: 2F
2-1: Fly out, F6 (Popup, 8LS)
Top of the 4th over - 0 run(s), 0 hit(s), 0 error(s), 0 left on base; Columbia 4 - Erie 0
BOTTOM OF THE 4TH
Erie Jaxx batting - Pitching for Columbia 08s : RHP Danny Johnston
Batting: LHB Denny Allen 0-0: Called Strike
0-1: Ball
1-1: Called Strike
1-2: Foul Ball, location: 2F
1-2: Strikes out swinging
Batting: RHB John Brown 0-0: Ball
1-0: Called Strike
1-1: Ball
2-1: Foul Ball, location: 2F
2-2: Foul Ball, location: 2F
2-2: Ball
3-2: Foul Ball, location: 2F
3-2: Foul Ball, location: 2F
3-2: Foul Ball, location: 2F
3-2: Base on Balls
Batting: LHB Mike Pearson 0-0: Fielders Choice at 2nd, 6-4 (Groundball, 6M)
Batting: LHB Milton Watson 0-0: Swinging Strike
0-1: Foul Ball, location: 2F
0-2: Foul Ball, location: 2F
0-2: Ground out 1-3 (Groundball, 25)
Bottom of the 4th over - 0 run(s), 0 hit(s), 0 error(s), 1 left on base; Columbia 4 - Erie 0
TOP OF THE 5TH
Columbia 08s batting - Pitching for Erie Jaxx : LHP Dexter Browning
Batting: RHB Ben Barker 0-0: Called Strike
0-1: Swinging Strike
0-2: Foul Ball, location: 2F
0-2: Ball
1-2: Strikes out swinging
Batting: RHB Nicoli Turina 0-0: Ground out 6-3 (Groundball, 6)
Batting: RHB Jorge Mora 0-0: Ground out 5-3 (Groundball, 5)
Top of the 5th over - 0 run(s), 0 hit(s), 0 error(s), 0 left on base; Columbia 4 - Erie 0
BOTTOM OF THE 5TH
Erie Jaxx batting - Pitching for Columbia 08s : RHP Danny Johnston
Batting: LHB Dave Cook 0-0: Ball
1-0: Ball
2-0: Swinging Strike
2-1: Ball
3-1: Foul Ball, location: 2F
3-2: Base on Balls
Batting: RHB Steve Clifton 0-0: Foul Ball, location: 2F
0-1: Ball
1-1: Foul Ball, location: 2F
1-2: Strikes out swinging
Pitching: RHP Alejandro Hernández
Batting: LHB Ernesto López 0-0: Ball
1-0: Swinging Strike
1-1: Fly out, F8 (Flyball, 78M)
Batting: RHB Luis Fuentes 0-0: Called Strike
0-1: Ball
1-1: Ball
2-1: Swinging Strike
2-2: Foul Ball, location: 2F
2-2: Strikes out looking
Bottom of the 5th over - 0 run(s), 0 hit(s), 0 error(s), 1 left on base; Columbia 4 - Erie 0
TOP OF THE 6TH
Columbia 08s batting - Pitching for Erie Jaxx : LHP Dexter Browning
Batting: RHB Pat Fernández 0-0: Hit by Pitch
Batting: RHB Carlos López 0-0: Foul Ball, location: 2F
0-1: Ball
1-1: Called Strike
1-2: Ball
2-2: Fly out, F8 (Line Drive, 8RM)
Batting: RHB Ernesto Villa 0-0: Ball
1-0: Ball
2-0: SINGLE (Groundball, 5S) (infield hit)
Pat Fernández to second
Batting: RHB Dan Morrison 0-0: Ball
1-0: Ball
2-0: Fly out, F7 (Flyball, 7M)
Batting: RHB José Orozco 0-0: Ball
1-0: Swinging Strike
1-1: Fly out, F8 (Flyball, 8RXD)
Top of the 6th over - 0 run(s), 1 hit(s), 0 error(s), 2 left on base; Columbia 4 - Erie 0
BOTTOM OF THE 6TH
Erie Jaxx batting - Pitching for Columbia 08s : RHP Alejandro Hernández
Batting: RHB Raúl Bruno 0-0: Ball
1-0: SINGLE (Flyball, 8RM)
Batting: LHB Denny Allen 0-0: Ball
1-0: Ball
2-0: Foul Ball, location: 2F
2-1: Foul Ball, location: 2F
2-2: Strikes out looking
Batting: RHB John Brown 0-0: Ball
Wild Pitch!
Raúl Bruno to second
1-0: Called Strike
1-1: Ball
2-1: Foul Ball, location: 2F
2-2: Ball
3-2: Base on Balls
Batting: LHB Mike Pearson 0-0: Swinging Strike
0-1: Ball
1-1: Ball
2-1: Ball
3-1: Called Strike
3-2: Foul Ball, location: 2F
3-2: Strikes out looking
Batting: LHB Milton Watson 0-0: Foul Ball, location: 2F
0-1: Swinging Strike
0-2: Ball
1-2: Strikes out swinging
Bottom of the 6th over - 0 run(s), 1 hit(s), 0 error(s), 2 left on base; Columbia 4 - Erie 0
TOP OF THE 7TH
Columbia 08s batting - Pitching for Erie Jaxx : LHP Dexter Browning
Batting: RHB Pedro López 0-0: Called Strike
0-1: Ball
1-1: Foul Ball, location: 2F
1-2: Strikes out swinging
Batting: RHB Ben Barker 0-0: Fly out, F8 (Flyball, 8LD)
Batting: RHB Nicoli Turina 0-0: Ball
1-0: Ball
2-0: Fly out, F9 (Flyball, 9LM)
Top of the 7th over - 0 run(s), 0 hit(s), 0 error(s), 0 left on base; Columbia 4 - Erie 0
BOTTOM OF THE 7TH
Erie Jaxx batting - Pitching for Columbia 08s : RHP Alejandro Hernández
Batting: LHB Dave Cook 0-0: Ball
1-0: Ball
2-0: Foul Ball, location: 2F
2-1: Fly out, F6 (Popup, 6D)
Pitching: RHP Errol Murphy
Batting: RHB Steve Clifton 0-0: Called Strike
0-1: Swinging Strike
0-2: Ball
1-2: Foul Ball, location: 2F
1-2: Foul Ball, location: 2F
1-2: Ground out 6-3 (Groundball, 6)
Batting: LHB Ernesto López 0-0: Swinging Strike
0-1: Swinging Strike
0-2: Ball
1-2: Ball
2-2: Ball
3-2: Strikes out swinging
Bottom of the 7th over - 0 run(s), 0 hit(s), 0 error(s), 0 left on base; Columbia 4 - Erie 0
TOP OF THE 8TH
Columbia 08s batting - Pitching for Erie Jaxx : LHP Dexter Browning
Pitching: LHP Luis Torres
Batting: RHB Jorge Mora 0-0: Ball
1-0: Ball
2-0: Foul Ball, location: 2F
2-1: Ground out 6-3 (Groundball, 6MD)
Batting: RHB Pat Fernández 0-0: Foul Ball, location: 2F
0-1: Ball
1-1: Called Strike
1-2: Ball
2-2: Strikes out swinging
Batting: RHB Carlos López 0-0: Called Strike
0-1: Ball
1-1: Ground out 4-3 (Groundball, 4M)
Top of the 8th over - 0 run(s), 0 hit(s), 0 error(s), 0 left on base; Columbia 4 - Erie 0
BOTTOM OF THE 8TH
Erie Jaxx batting - Pitching for Columbia 08s : RHP Errol Murphy
Batting: RHB Luis Fuentes 0-0: Fly out, F5 (Line Drive, 56S)
Batting: RHB Raúl Bruno 0-0: Foul Ball, location: 2F
0-1: Ball
1-1: Ball
2-1: Ball
3-1: Swinging Strike
3-2: Base on Balls
Batting: LHB Denny Allen 0-0: Ground out U3 (Groundball, 3S)
Raúl Bruno to second
Batting: RHB John Brown 0-0: Foul Ball, location: 2F
0-1: Swinging Strike
0-2: Ball
1-2: Strikes out swinging
Bottom of the 8th over - 0 run(s), 0 hit(s), 0 error(s), 1 left on base; Columbia 4 - Erie 0
TOP OF THE 9TH
Columbia 08s batting - Pitching for Erie Jaxx : LHP Luis Torres
Batting: RHB Ernesto Villa 0-0: Swinging Strike
0-1: Ball
1-1: Called Strike
1-2: Foul Ball, location: 2F
1-2: Ball
2-2: Strikes out swinging
Batting: RHB Dan Morrison 0-0: Ground out U3 (Groundball, 3S)
Batting: RHB José Orozco 0-0: Ball
1-0: Ball
2-0: Ball
3-0: Called Strike
3-1: Called Strike
3-2: Strikes out swinging
Top of the 9th over - 0 run(s), 0 hit(s), 0 error(s), 0 left on base; Columbia 4 - Erie 0
BOTTOM OF THE 9TH
Erie Jaxx batting - Pitching for Columbia 08s : RHP Errol Murphy
Pitching: RHP Mike Horton
Batting: LHB Mike Pearson 0-0: Called Strike
0-1: Swinging Strike
0-2: Strikes out looking
Batting: LHB Milton Watson 0-0: Ball
1-0: Ground out 6-3 (Groundball, 6)
Batting: LHB Dave Cook 0-0: Called Strike
0-1: Foul Ball, location: 2F
0-2: Ball
1-2: Ball
2-2: Ground out 5-3 (Groundball, 5)
Bottom of the 9th over - 0 run(s), 0 hit(s), 0 error(s), 0 left on base; Columbia 4 - Erie 0
This league is powered by Out of the Park Baseball, the baseball management simulation game for PC, Mac and Linux
Tuesday, August 2nd, 2016 - OOTP Baseball 16.8 Build 38